 Dungeon Sprint DCSS version 0.21-a0-286-g6fcecc0 (webtiles) character file.

0 potatolord6000 the Insei (level 1, -1/16 HPs)
             Began as a Demigod Transmuter on Sept 26, 2017.
             Slain by an ufetubus (4 damage)
             ... in the Dungeon (Sprint VII: "The Pits").
             The game lasted 00:01:07 (228 turns).

potatolord6000 the Insei (Demigod Transmuter)        Turns: 228, Time: 00:01:07

Health: -1/16      AC:  2    Str: 13    XL:     1   Next: 6%
Magic:  4/5        EV: 12    Int: 17    God:
Gold:   0          SH:  0    Dex: 16    Spells: 2/3 levels left

rFire    . . .     SeeInvis .   q - staff of energy
rCold    . . .     Gourm    .   (no shield)
rNeg     . . .     Faith    .   b - +0 robe
rPois    .         Spirit   .   (no helmet)
rElec    .         Reflect  .   (no cloak)
rCorr    .         Harm     .   (no gloves)
MR       .....     NoTele   +   (no boots)
Stlth    +.........             (no amulet)
HPRegen  0.05/turn              (no ring)
MPRegen  0.09/turn              (no ring)

@: appendage
A: horns 2, high mp 1
a: End Transformation


You were in the Dungeon.
You were not hungry.
You had grown temporary horns.
You visited 1 branch

Inventory:

Missiles
 a - 12 arrows
Armour
 b - a +0 robe (worn)
Magical Staves
 q - an uncursed staff of energy (weapon)
Scrolls
 j - a scroll of blinking
 l - 3 scrolls of remove curse
 m - 5 scrolls of amnesia
 n - a scroll of summoning
Potions
 e - a potion of curing
 f - a potion of heal wounds
 g - a potion of haste
 h - 4 potions of magic
 i - 3 potions of berserk rage
 k - 2 potions of invisibility
Books
 c - a book of Changes

   Spells                             Type                      Level
   a - Beastly Appendage              Transmutation                1
   b - Sticks to Snakes               Transmutation                2
   c - Spider Form                    Transmutation/Poison         3
   d - Ice Form                       Ice/Transmutation            4
   e - Blade Hands                    Transmutation                5
Comestibles
 d - 8 bread rations
 o - 40 fruits
 p - 7 meat rations


   Skills:
 + Level 1.1 Fighting
 + Level 1.8 Dodging
 - Level 2.8 Unarmed Combat
 + Level 1.9 Spellcasting
 + Level 1.8 Transmutations
 + Level 0.0 Evocations


You had 2 spell levels left.
You knew the following spells:

 Your Spells              Type           Power        Failure   Level  Hunger
a - Beastly Appendage     Tmut           #.....       9%          1    None


Dungeon Overview and Level Annotations

Branches:
Dungeon (1/1)


Innate Abilities, Weirdness & Mutations

You have an increased reservoir of magic. (+10% MP)
You have a pair of horns on your head.


Message History

There is a bloodstained altar of Trog here.
There is an open door to the Temple (Safe) here.
You see here a ball python corpse.
You open the door.
An ufetubus comes into view.
The ufetubus shouts!
A bat zombie comes into view.
Casting: Beastly Appendage
Confirm with . or Enter, or press ? or * to list all spells.
You grow a pair of large bovine horns.
The ufetubus misses you. The ufetubus closely misses you.
The ufetubus hits you. The ufetubus barely misses you.
You closely miss the ufetubus. Your headbutt misses the ufetubus.
The ufetubus hits you. x2; The ufetubus barely misses you.
The ufetubus closely misses you.
Unknown command.
You hit the ufetubus but do no damage. The ufetubus hits you.
* * * LOW HITPOINT WARNING * * *
The ufetubus hits you.
You die...

############
#_________.#
#_________.#
#_______...###########++
##########'##...........
#.?(.')))'.##......#..#.
##########.##...........
#......@..†.'...........
#+#####5#####......#..#.
.Z. #........... #####
####'#####++ #.......#
#.......# #.......#
#...<...# #.......#


You could see an ufetubus and a bat zombie.

Vanquished Creatures
  A ball python (D)
1 creature vanquished.

Notes
Turn   | Place    | Note
-------+----------+-------------------------------------------
     0 | D        | potatolord6000 the Demigod Transmuter began the quest for the Orb.
     0 | D        | Reached XP level 1. HP: 15/15 MP: 5/5
   174 | D        | Reached skill level 1 in Fighting
   205 | D        | Found a bloodstained altar of Trog.
   205 | D        | Found a deep blue altar of Sif Muna.
   205 | D        | Found a viscous altar of Jiyva.
   205 | D        | Found a hazy altar of Hepliaklqana.
   205 | D        | Found an opulent altar of Gozag.
   206 | D        | Found a glowing golden altar of the Shining One.
   206 | D        | Found a glowing silver altar of Zin.
   206 | D        | Found a basalt altar of Yredelemnul.
   206 | D        | Found a shimmering altar of Xom.
   206 | D        | Found an ornate altar of the Wu Jian Council.
   206 | D        | Found a sacrificial altar of Ru.
   206 | D        | Found a stormy altar of Qazlal.
   206 | D        | Found an iron altar of Okawaru.
   206 | D        | Found a sparkling altar of Nemelex Xobeh.
   206 | D        | Found a burning altar of Makhleb.
   206 | D        | Found a blossoming altar of Fedhas.
   206 | D        | Found a white marble altar of Elyvilon.
   206 | D        | Found a shadowy altar of Dithmenos.
   206 | D        | Found a snail-covered altar of Cheibriados.
   208 | D        | Found a radiant altar of Vehumet.
   208 | D        | Found a corrupted altar of Lugonu.
   208 | D        | Found a roughly hewn altar of Beogh.
   210 | D        | Found an ancient bone altar of Kikubaaqudgha.
   210 | D        | Found a hide-covered altar of Uskayaw.
   210 | D        | Found a shattered altar of Ashenzari.
   228 | D        | Slain by an ufetubus

Vault maps used:
D:        pitsprint

Skill      XL: |  1 |
---------------+----+-----
Fighting       | 1 |  1.1
Dodging        | |  1.8
Unarmed Combat | |  2.8
Spellcasting   | |  1.9
Transmutations | |  1.8

Action                   || total
-------------------------++-------
Melee: Staff             ||     2
       Unarmed           ||     1
       Headbutt          ||     1
 Cast: Beastly Appendage ||     6
 Stab: Sleeping          ||     1
Dodge: Dodged            ||     5

Table legend:
 A = Spawn XP
 B = Non-spawn XP
 C = Spawn XP percentage of total XP
 D = Spawn monster count
 E = Non-spawn monster count
 F = Spawn count percentage of total count
 G = Total turns spent on level
                    A         B        C        D         E        F      G
               +---------+---------+-------+---------+---------+-------+---------
         Total |       0 |       1 |   0.0 |       0 |       1 |   0.0 |   228
               +---------+---------+-------+---------+---------+-------+---------
             D |       0 |       1 |   0.0 |       0 |       1 |   0.0 |   228
               +---------+---------+-------+---------+---------+-------+---------
